Workbook

Sheet Jahresübersicht
A1: Haushaltsbuch — Jahresübersicht
A2: Vorlage von lohnmeister.ai · gratis · Richtwerte ohne Gewähr · gelb = Eingabe, grau/blau = wird berechnet
A4: Monat | B4: Einnahmen | C4: Ausgaben | D4: Saldo | E4: Sparquote
A5: Jänner | B5: =INDIRECT("'"&A5&"'!D65") | C5: =INDIRECT("'"&A5&"'!E65") | D5: =B5-C5 | E5: =IF(B5=0,"",D5/B5)
A6: Februar | B6: =INDIRECT("'"&A6&"'!D65") | C6: =INDIRECT("'"&A6&"'!E65") | D6: =B6-C6 | E6: =IF(B6=0,"",D6/B6)
A7: März | B7: =INDIRECT("'"&A7&"'!D65") | C7: =INDIRECT("'"&A7&"'!E65") | D7: =B7-C7 | E7: =IF(B7=0,"",D7/B7)
A8: April | B8: =INDIRECT("'"&A8&"'!D65") | C8: =INDIRECT("'"&A8&"'!E65") | D8: =B8-C8 | E8: =IF(B8=0,"",D8/B8)
A9: Mai | B9: =INDIRECT("'"&A9&"'!D65") | C9: =INDIRECT("'"&A9&"'!E65") | D9: =B9-C9 | E9: =IF(B9=0,"",D9/B9)
A10: Juni | B10: =INDIRECT("'"&A10&"'!D65") | C10: =INDIRECT("'"&A10&"'!E65") | D10: =B10-C10 | E10: =IF(B10=0,"",D10/B10)
A11: Juli | B11: =INDIRECT("'"&A11&"'!D65") | C11: =INDIRECT("'"&A11&"'!E65") | D11: =B11-C11 | E11: =IF(B11=0,"",D11/B11)
A12: August | B12: =INDIRECT("'"&A12&"'!D65") | C12: =INDIRECT("'"&A12&"'!E65") | D12: =B12-C12 | E12: =IF(B12=0,"",D12/B12)
A13: September | B13: =INDIRECT("'"&A13&"'!D65") | C13: =INDIRECT("'"&A13&"'!E65") | D13: =B13-C13 | E13: =IF(B13=0,"",D13/B13)
A14: Oktober | B14: =INDIRECT("'"&A14&"'!D65") | C14: =INDIRECT("'"&A14&"'!E65") | D14: =B14-C14 | E14: =IF(B14=0,"",D14/B14)
A15: November | B15: =INDIRECT("'"&A15&"'!D65") | C15: =INDIRECT("'"&A15&"'!E65") | D15: =B15-C15 | E15: =IF(B15=0,"",D15/B15)
A16: Dezember | B16: =INDIRECT("'"&A16&"'!D65") | C16: =INDIRECT("'"&A16&"'!E65") | D16: =B16-C16 | E16: =IF(B16=0,"",D16/B16)
A17: Summe | B17: =SUM(B5:B16) | C17: =SUM(C5:C16) | D17: =SUM(D5:D16)
A19: Ausgaben nach Kategorie | B19: Jahr | C19: Ø Monat | D19: Anteil
A20: Gehalt / Lohn | B20: =SUMIF('Jänner'!$B$5:$B$64,$A20,'Jänner'!$E$5:$E$64)+SUMIF('Februar'!$B$5:$B$64,$A20,'Februar'!$E$5:$E$64)+SUMIF('März'!$B$5:$B$64,$A20,'März'!$E$5:$E$64)+SUMIF('April'!$B$5:$B$64,$A20,'April'!$E$5:$E$64)+SUMIF('Mai'!$B$5:$B$64,$A20,'Mai'!$E$5:$E$64)+SUMIF('Juni'!$B$5:$B$64,$A20,'Juni'!$E$5:$E$64)+SUMIF('Juli'!$B$5:$B$64,$A20,'Juli'!$E$5:$E$64)+SUMIF('August'!$B$5:$B$64,$A20,'August'!$E$5:$E$64)+SUMIF('September'!$B$5:$B$64,$A20,'September'!$E$5:$E$64)+SUMIF('Oktober'!$B$5:$B$64,$A20,'Oktober'!$E$5:$E$64)+SUMIF('November'!$B$5:$B$64,$A20,'November'!$E$5:$E$64)+SUMIF('Dezember'!$B$5:$B$64,$A20,'Dezember'!$E$5:$E$64) | C20: =B20/12 | D20: =IF($C$17=0,"",B20/$C$17)
A21: Sonstige Einnahmen | B21: =SUMIF('Jänner'!$B$5:$B$64,$A21,'Jänner'!$E$5:$E$64)+SUMIF('Februar'!$B$5:$B$64,$A21,'Februar'!$E$5:$E$64)+SUMIF('März'!$B$5:$B$64,$A21,'März'!$E$5:$E$64)+SUMIF('April'!$B$5:$B$64,$A21,'April'!$E$5:$E$64)+SUMIF('Mai'!$B$5:$B$64,$A21,'Mai'!$E$5:$E$64)+SUMIF('Juni'!$B$5:$B$64,$A21,'Juni'!$E$5:$E$64)+SUMIF('Juli'!$B$5:$B$64,$A21,'Juli'!$E$5:$E$64)+SUMIF('August'!$B$5:$B$64,$A21,'August'!$E$5:$E$64)+SUMIF('September'!$B$5:$B$64,$A21,'September'!$E$5:$E$64)+SUMIF('Oktober'!$B$5:$B$64,$A21,'Oktober'!$E$5:$E$64)+SUMIF('November'!$B$5:$B$64,$A21,'November'!$E$5:$E$64)+SUMIF('Dezember'!$B$5:$B$64,$A21,'Dezember'!$E$5:$E$64) | C21: =B21/12 | D21: =IF($C$17=0,"",B21/$C$17)
A22: Miete / Kredit | B22: =SUMIF('Jänner'!$B$5:$B$64,$A22,'Jänner'!$E$5:$E$64)+SUMIF('Februar'!$B$5:$B$64,$A22,'Februar'!$E$5:$E$64)+SUMIF('März'!$B$5:$B$64,$A22,'März'!$E$5:$E$64)+SUMIF('April'!$B$5:$B$64,$A22,'April'!$E$5:$E$64)+SUMIF('Mai'!$B$5:$B$64,$A22,'Mai'!$E$5:$E$64)+SUMIF('Juni'!$B$5:$B$64,$A22,'Juni'!$E$5:$E$64)+SUMIF('Juli'!$B$5:$B$64,$A22,'Juli'!$E$5:$E$64)+SUMIF('August'!$B$5:$B$64,$A22,'August'!$E$5:$E$64)+SUMIF('September'!$B$5:$B$64,$A22,'September'!$E$5:$E$64)+SUMIF('Oktober'!$B$5:$B$64,$A22,'Oktober'!$E$5:$E$64)+SUMIF('November'!$B$5:$B$64,$A22,'November'!$E$5:$E$64)+SUMIF('Dezember'!$B$5:$B$64,$A22,'Dezember'!$E$5:$E$64) | C22: =B22/12 | D22: =IF($C$17=0,"",B22/$C$17)
A23: Betriebskosten & Energie | B23: =SUMIF('Jänner'!$B$5:$B$64,$A23,'Jänner'!$E$5:$E$64)+SUMIF('Februar'!$B$5:$B$64,$A23,'Februar'!$E$5:$E$64)+SUMIF('März'!$B$5:$B$64,$A23,'März'!$E$5:$E$64)+SUMIF('April'!$B$5:$B$64,$A23,'April'!$E$5:$E$64)+SUMIF('Mai'!$B$5:$B$64,$A23,'Mai'!$E$5:$E$64)+SUMIF('Juni'!$B$5:$B$64,$A23,'Juni'!$E$5:$E$64)+SUMIF('Juli'!$B$5:$B$64,$A23,'Juli'!$E$5:$E$64)+SUMIF('August'!$B$5:$B$64,$A23,'August'!$E$5:$E$64)+SUMIF('September'!$B$5:$B$64,$A23,'September'!$E$5:$E$64)+SUMIF('Oktober'!$B$5:$B$64,$A23,'Oktober'!$E$5:$E$64)+SUMIF('November'!$B$5:$B$64,$A23,'November'!$E$5:$E$64)+SUMIF('Dezember'!$B$5:$B$64,$A23,'Dezember'!$E$5:$E$64) | C23: =B23/12 | D23: =IF($C$17=0,"",B23/$C$17)
A24: Lebensmittel | B24: =SUMIF('Jänner'!$B$5:$B$64,$A24,'Jänner'!$E$5:$E$64)+SUMIF('Februar'!$B$5:$B$64,$A24,'Februar'!$E$5:$E$64)+SUMIF('März'!$B$5:$B$64,$A24,'März'!$E$5:$E$64)+SUMIF('April'!$B$5:$B$64,$A24,'April'!$E$5:$E$64)+SUMIF('Mai'!$B$5:$B$64,$A24,'Mai'!$E$5:$E$64)+SUMIF('Juni'!$B$5:$B$64,$A24,'Juni'!$E$5:$E$64)+SUMIF('Juli'!$B$5:$B$64,$A24,'Juli'!$E$5:$E$64)+SUMIF('August'!$B$5:$B$64,$A24,'August'!$E$5:$E$64)+SUMIF('September'!$B$5:$B$64,$A24,'September'!$E$5:$E$64)+SUMIF('Oktober'!$B$5:$B$64,$A24,'Oktober'!$E$5:$E$64)+SUMIF('November'!$B$5:$B$64,$A24,'November'!$E$5:$E$64)+SUMIF('Dezember'!$B$5:$B$64,$A24,'Dezember'!$E$5:$E$64) | C24: =B24/12 | D24: =IF($C$17=0,"",B24/$C$17)
A25: Drogerie & Haushalt | B25: =SUMIF('Jänner'!$B$5:$B$64,$A25,'Jänner'!$E$5:$E$64)+SUMIF('Februar'!$B$5:$B$64,$A25,'Februar'!$E$5:$E$64)+SUMIF('März'!$B$5:$B$64,$A25,'März'!$E$5:$E$64)+SUMIF('April'!$B$5:$B$64,$A25,'April'!$E$5:$E$64)+SUMIF('Mai'!$B$5:$B$64,$A25,'Mai'!$E$5:$E$64)+SUMIF('Juni'!$B$5:$B$64,$A25,'Juni'!$E$5:$E$64)+SUMIF('Juli'!$B$5:$B$64,$A25,'Juli'!$E$5:$E$64)+SUMIF('August'!$B$5:$B$64,$A25,'August'!$E$5:$E$64)+SUMIF('September'!$B$5:$B$64,$A25,'September'!$E$5:$E$64)+SUMIF('Oktober'!$B$5:$B$64,$A25,'Oktober'!$E$5:$E$64)+SUMIF('November'!$B$5:$B$64,$A25,'November'!$E$5:$E$64)+SUMIF('Dezember'!$B$5:$B$64,$A25,'Dezember'!$E$5:$E$64) | C25: =B25/12 | D25: =IF($C$17=0,"",B25/$C$17)
A26: Mobilität / Auto | B26: =SUMIF('Jänner'!$B$5:$B$64,$A26,'Jänner'!$E$5:$E$64)+SUMIF('Februar'!$B$5:$B$64,$A26,'Februar'!$E$5:$E$64)+SUMIF('März'!$B$5:$B$64,$A26,'März'!$E$5:$E$64)+SUMIF('April'!$B$5:$B$64,$A26,'April'!$E$5:$E$64)+SUMIF('Mai'!$B$5:$B$64,$A26,'Mai'!$E$5:$E$64)+SUMIF('Juni'!$B$5:$B$64,$A26,'Juni'!$E$5:$E$64)+SUMIF('Juli'!$B$5:$B$64,$A26,'Juli'!$E$5:$E$64)+SUMIF('August'!$B$5:$B$64,$A26,'August'!$E$5:$E$64)+SUMIF('September'!$B$5:$B$64,$A26,'September'!$E$5:$E$64)+SUMIF('Oktober'!$B$5:$B$64,$A26,'Oktober'!$E$5:$E$64)+SUMIF('November'!$B$5:$B$64,$A26,'November'!$E$5:$E$64)+SUMIF('Dezember'!$B$5:$B$64,$A26,'Dezember'!$E$5:$E$64) | C26: =B26/12 | D26: =IF($C$17=0,"",B26/$C$17)
A27: Öffis | B27: =SUMIF('Jänner'!$B$5:$B$64,$A27,'Jänner'!$E$5:$E$64)+SUMIF('Februar'!$B$5:$B$64,$A27,'Februar'!$E$5:$E$64)+SUMIF('März'!$B$5:$B$64,$A27,'März'!$E$5:$E$64)+SUMIF('April'!$B$5:$B$64,$A27,'April'!$E$5:$E$64)+SUMIF('Mai'!$B$5:$B$64,$A27,'Mai'!$E$5:$E$64)+SUMIF('Juni'!$B$5:$B$64,$A27,'Juni'!$E$5:$E$64)+SUMIF('Juli'!$B$5:$B$64,$A27,'Juli'!$E$5:$E$64)+SUMIF('August'!$B$5:$B$64,$A27,'August'!$E$5:$E$64)+SUMIF('September'!$B$5:$B$64,$A27,'September'!$E$5:$E$64)+SUMIF('Oktober'!$B$5:$B$64,$A27,'Oktober'!$E$5:$E$64)+SUMIF('November'!$B$5:$B$64,$A27,'November'!$E$5:$E$64)+SUMIF('Dezember'!$B$5:$B$64,$A27,'Dezember'!$E$5:$E$64) | C27: =B27/12 | D27: =IF($C$17=0,"",B27/$C$17)
A28: Versicherungen | B28: =SUMIF('Jänner'!$B$5:$B$64,$A28,'Jänner'!$E$5:$E$64)+SUMIF('Februar'!$B$5:$B$64,$A28,'Februar'!$E$5:$E$64)+SUMIF('März'!$B$5:$B$64,$A28,'März'!$E$5:$E$64)+SUMIF('April'!$B$5:$B$64,$A28,'April'!$E$5:$E$64)+SUMIF('Mai'!$B$5:$B$64,$A28,'Mai'!$E$5:$E$64)+SUMIF('Juni'!$B$5:$B$64,$A28,'Juni'!$E$5:$E$64)+SUMIF('Juli'!$B$5:$B$64,$A28,'Juli'!$E$5:$E$64)+SUMIF('August'!$B$5:$B$64,$A28,'August'!$E$5:$E$64)+SUMIF('September'!$B$5:$B$64,$A28,'September'!$E$5:$E$64)+SUMIF('Oktober'!$B$5:$B$64,$A28,'Oktober'!$E$5:$E$64)+SUMIF('November'!$B$5:$B$64,$A28,'November'!$E$5:$E$64)+SUMIF('Dezember'!$B$5:$B$64,$A28,'Dezember'!$E$5:$E$64) | C28: =B28/12 | D28: =IF($C$17=0,"",B28/$C$17)
A29: Telefon & Internet | B29: =SUMIF('Jänner'!$B$5:$B$64,$A29,'Jänner'!$E$5:$E$64)+SUMIF('Februar'!$B$5:$B$64,$A29,'Februar'!$E$5:$E$64)+SUMIF('März'!$B$5:$B$64,$A29,'März'!$E$5:$E$64)+SUMIF('April'!$B$5:$B$64,$A29,'April'!$E$5:$E$64)+SUMIF('Mai'!$B$5:$B$64,$A29,'Mai'!$E$5:$E$64)+SUMIF('Juni'!$B$5:$B$64,$A29,'Juni'!$E$5:$E$64)+SUMIF('Juli'!$B$5:$B$64,$A29,'Juli'!$E$5:$E$64)+SUMIF('August'!$B$5:$B$64,$A29,'August'!$E$5:$E$64)+SUMIF('September'!$B$5:$B$64,$A29,'September'!$E$5:$E$64)+SUMIF('Oktober'!$B$5:$B$64,$A29,'Oktober'!$E$5:$E$64)+SUMIF('November'!$B$5:$B$64,$A29,'November'!$E$5:$E$64)+SUMIF('Dezember'!$B$5:$B$64,$A29,'Dezember'!$E$5:$E$64) | C29: =B29/12 | D29: =IF($C$17=0,"",B29/$C$17)
A30: Abos & Streaming | B30: =SUMIF('Jänner'!$B$5:$B$64,$A30,'Jänner'!$E$5:$E$64)+SUMIF('Februar'!$B$5:$B$64,$A30,'Februar'!$E$5:$E$64)+SUMIF('März'!$B$5:$B$64,$A30,'März'!$E$5:$E$64)+SUMIF('April'!$B$5:$B$64,$A30,'April'!$E$5:$E$64)+SUMIF('Mai'!$B$5:$B$64,$A30,'Mai'!$E$5:$E$64)+SUMIF('Juni'!$B$5:$B$64,$A30,'Juni'!$E$5:$E$64)+SUMIF('Juli'!$B$5:$B$64,$A30,'Juli'!$E$5:$E$64)+SUMIF('August'!$B$5:$B$64,$A30,'August'!$E$5:$E$64)+SUMIF('September'!$B$5:$B$64,$A30,'September'!$E$5:$E$64)+SUMIF('Oktober'!$B$5:$B$64,$A30,'Oktober'!$E$5:$E$64)+SUMIF('November'!$B$5:$B$64,$A30,'November'!$E$5:$E$64)+SUMIF('Dezember'!$B$5:$B$64,$A30,'Dezember'!$E$5:$E$64) | C30: =B30/12 | D30: =IF($C$17=0,"",B30/$C$17)
A31: Kinder | B31: =SUMIF('Jänner'!$B$5:$B$64,$A31,'Jänner'!$E$5:$E$64)+SUMIF('Februar'!$B$5:$B$64,$A31,'Februar'!$E$5:$E$64)+SUMIF('März'!$B$5:$B$64,$A31,'März'!$E$5:$E$64)+SUMIF('April'!$B$5:$B$64,$A31,'April'!$E$5:$E$64)+SUMIF('Mai'!$B$5:$B$64,$A31,'Mai'!$E$5:$E$64)+SUMIF('Juni'!$B$5:$B$64,$A31,'Juni'!$E$5:$E$64)+SUMIF('Juli'!$B$5:$B$64,$A31,'Juli'!$E$5:$E$64)+SUMIF('August'!$B$5:$B$64,$A31,'August'!$E$5:$E$64)+SUMIF('September'!$B$5:$B$64,$A31,'September'!$E$5:$E$64)+SUMIF('Oktober'!$B$5:$B$64,$A31,'Oktober'!$E$5:$E$64)+SUMIF('November'!$B$5:$B$64,$A31,'November'!$E$5:$E$64)+SUMIF('Dezember'!$B$5:$B$64,$A31,'Dezember'!$E$5:$E$64) | C31: =B31/12 | D31: =IF($C$17=0,"",B31/$C$17)
... A38: Sonstiges | B38: =SUMIF('Jänner'!$B$5:$B$64,$A38,'Jänner'!$E$5:$E$64)+SUMIF('Februar'!$B$5:$B$64,$A38,'Februar'!$E$5:$E$64)+SUMIF('März'!$B$5:$B$64,$A38,'März'!$E$5:$E$64)+SUMIF('April'!$B$5:$B$64,$A38,'April'!$E$5:$E$64)+SUMIF('Mai'!$B$5:$B$64,$A38,'Mai'!$E$5:$E$64)+SUMIF('Juni'!$B$5:$B$64,$A38,'Juni'!$E$5:$E$64)+SUMIF('Juli'!$B$5:$B$64,$A38,'Juli'!$E$5:$E$64)+SUMIF('August'!$B$5:$B$64,$A38,'August'!$E$5:$E$64)+SUMIF('September'!$B$5:$B$64,$A38,'September'!$E$5:$E$64)+SUMIF('Oktober'!$B$5:$B$64,$A38,'Oktober'!$E$5:$E$64)+SUMIF('November'!$B$5:$B$64,$A38,'November'!$E$5:$E$64)+SUMIF('Dezember'!$B$5:$B$64,$A38,'Dezember'!$E$5:$E$64) | C38: =B38/12 | D38: =IF($C$17=0,"",B38/$C$17)
A40: Vorlage von lohnmeister.ai · gratis · Richtwerte ohne Gewähr · gelb = Eingabe, grau/blau = wird berechnet

Sheet Jänner
A1: Haushaltsbuch Jänner
A2: Vorlage von lohnmeister.ai · gratis · Richtwerte ohne Gewähr · gelb = Eingabe, grau/blau = wird berechnet
A4: Datum | B4: Kategorie | C4: Beschreibung | D4: Einnahme | E4: Ausgabe
A65: Summe | D65: =SUM(D5:D64) | E65: =SUM(E5:E64)
A66: Saldo Jänner | D66: =D65-E65
A68: Kategorie bitte exakt wie im Blatt „Kategorien“ schreiben · Vorlage von lohnmeister.ai · gratis · Richtwerte ohne Gewähr · gelb = Eingabe, grau/blau = wird berechnet

Sheet Februar
A1: Haushaltsbuch Februar
A2: Vorlage von lohnmeister.ai · gratis · Richtwerte ohne Gewähr · gelb = Eingabe, grau/blau = wird berechnet
A4: Datum | B4: Kategorie | C4: Beschreibung | D4: Einnahme | E4: Ausgabe
A65: Summe | D65: =SUM(D5:D64) | E65: =SUM(E5:E64)
A66: Saldo Februar | D66: =D65-E65
A68: Kategorie bitte exakt wie im Blatt „Kategorien“ schreiben · Vorlage von lohnmeister.ai · gratis · Richtwerte ohne Gewähr · gelb = Eingabe, grau/blau = wird berechnet

Sheet März
A1: Haushaltsbuch März
A2: Vorlage von lohnmeister.ai · gratis · Richtwerte ohne Gewähr · gelb = Eingabe, grau/blau = wird berechnet
A4: Datum | B4: Kategorie | C4: Beschreibung | D4: Einnahme | E4: Ausgabe
A65: Summe | D65: =SUM(D5:D64) | E65: =SUM(E5:E64)
A66: Saldo März | D66: =D65-E65
A68: Kategorie bitte exakt wie im Blatt „Kategorien“ schreiben · Vorlage von lohnmeister.ai · gratis · Richtwerte ohne Gewähr · gelb = Eingabe, grau/blau = wird berechnet

Sheet April
A1: Haushaltsbuch April
A2: Vorlage von lohnmeister.ai · gratis · Richtwerte ohne Gewähr · gelb = Eingabe, grau/blau = wird berechnet
A4: Datum | B4: Kategorie | C4: Beschreibung | D4: Einnahme | E4: Ausgabe
A65: Summe | D65: =SUM(D5:D64) | E65: =SUM(E5:E64)
A66: Saldo April | D66: =D65-E65
A68: Kategorie bitte exakt wie im Blatt „Kategorien“ schreiben · Vorlage von lohnmeister.ai · gratis · Richtwerte ohne Gewähr · gelb = Eingabe, grau/blau = wird berechnet

Sheet Mai
A1: Haushaltsbuch Mai
A2: Vorlage von lohnmeister.ai · gratis · Richtwerte ohne Gewähr · gelb = Eingabe, grau/blau = wird berechnet
A4: Datum | B4: Kategorie | C4: Beschreibung | D4: Einnahme | E4: Ausgabe
A65: Summe | D65: =SUM(D5:D64) | E65: =SUM(E5:E64)
A66: Saldo Mai | D66: =D65-E65
A68: Kategorie bitte exakt wie im Blatt „Kategorien“ schreiben · Vorlage von lohnmeister.ai · gratis · Richtwerte ohne Gewähr · gelb = Eingabe, grau/blau = wird berechnet

Sheet Juni
A1: Haushaltsbuch Juni
A2: Vorlage von lohnmeister.ai · gratis · Richtwerte ohne Gewähr · gelb = Eingabe, grau/blau = wird berechnet
A4: Datum | B4: Kategorie | C4: Beschreibung | D4: Einnahme | E4: Ausgabe
A65: Summe | D65: =SUM(D5:D64) | E65: =SUM(E5:E64)
A66: Saldo Juni | D66: =D65-E65
A68: Kategorie bitte exakt wie im Blatt „Kategorien“ schreiben · Vorlage von lohnmeister.ai · gratis · Richtwerte ohne Gewähr · gelb = Eingabe, grau/blau = wird berechnet

Sheet Juli
A1: Haushaltsbuch Juli
A2: Vorlage von lohnmeister.ai · gratis · Richtwerte ohne Gewähr · gelb = Eingabe, grau/blau = wird berechnet
A4: Datum | B4: Kategorie | C4: Beschreibung | D4: Einnahme | E4: Ausgabe
A65: Summe | D65: =SUM(D5:D64) | E65: =SUM(E5:E64)
A66: Saldo Juli | D66: =D65-E65
A68: Kategorie bitte exakt wie im Blatt „Kategorien“ schreiben · Vorlage von lohnmeister.ai · gratis · Richtwerte ohne Gewähr · gelb = Eingabe, grau/blau = wird berechnet

Sheet August
A1: Haushaltsbuch August
A2: Vorlage von lohnmeister.ai · gratis · Richtwerte ohne Gewähr · gelb = Eingabe, grau/blau = wird berechnet
A4: Datum | B4: Kategorie | C4: Beschreibung | D4: Einnahme | E4: Ausgabe
A65: Summe | D65: =SUM(D5:D64) | E65: =SUM(E5:E64)
A66: Saldo August | D66: =D65-E65
A68: Kategorie bitte exakt wie im Blatt „Kategorien“ schreiben · Vorlage von lohnmeister.ai · gratis · Richtwerte ohne Gewähr · gelb = Eingabe, grau/blau = wird berechnet

Sheet September
A1: Haushaltsbuch September
A2: Vorlage von lohnmeister.ai · gratis · Richtwerte ohne Gewähr · gelb = Eingabe, grau/blau = wird berechnet
A4: Datum | B4: Kategorie | C4: Beschreibung | D4: Einnahme | E4: Ausgabe
A65: Summe | D65: =SUM(D5:D64) | E65: =SUM(E5:E64)
A66: Saldo September | D66: =D65-E65
A68: Kategorie bitte exakt wie im Blatt „Kategorien“ schreiben · Vorlage von lohnmeister.ai · gratis · Richtwerte ohne Gewähr · gelb = Eingabe, grau/blau = wird berechnet

Sheet Oktober
A1: Haushaltsbuch Oktober
A2: Vorlage von lohnmeister.ai · gratis · Richtwerte ohne Gewähr · gelb = Eingabe, grau/blau = wird berechnet
A4: Datum | B4: Kategorie | C4: Beschreibung | D4: Einnahme | E4: Ausgabe
A65: Summe | D65: =SUM(D5:D64) | E65: =SUM(E5:E64)
A66: Saldo Oktober | D66: =D65-E65
A68: Kategorie bitte exakt wie im Blatt „Kategorien“ schreiben · Vorlage von lohnmeister.ai · gratis · Richtwerte ohne Gewähr · gelb = Eingabe, grau/blau = wird berechnet

Sheet November
A1: Haushaltsbuch November
A2: Vorlage von lohnmeister.ai · gratis · Richtwerte ohne Gewähr · gelb = Eingabe, grau/blau = wird berechnet
A4: Datum | B4: Kategorie | C4: Beschreibung | D4: Einnahme | E4: Ausgabe
A65: Summe | D65: =SUM(D5:D64) | E65: =SUM(E5:E64)
A66: Saldo November | D66: =D65-E65
A68: Kategorie bitte exakt wie im Blatt „Kategorien“ schreiben · Vorlage von lohnmeister.ai · gratis · Richtwerte ohne Gewähr · gelb = Eingabe, grau/blau = wird berechnet

Sheet Dezember
A1: Haushaltsbuch Dezember
A2: Vorlage von lohnmeister.ai · gratis · Richtwerte ohne Gewähr · gelb = Eingabe, grau/blau = wird berechnet
A4: Datum | B4: Kategorie | C4: Beschreibung | D4: Einnahme | E4: Ausgabe
A65: Summe | D65: =SUM(D5:D64) | E65: =SUM(E5:E64)
A66: Saldo Dezember | D66: =D65-E65
A68: Kategorie bitte exakt wie im Blatt „Kategorien“ schreiben · Vorlage von lohnmeister.ai · gratis · Richtwerte ohne Gewähr · gelb = Eingabe, grau/blau = wird berechnet

Sheet Kategorien
A1: Kategorien
A2: Vorlage von lohnmeister.ai · gratis · Richtwerte ohne Gewähr · gelb = Eingabe, grau/blau = wird berechnet
A4: Kategorie (frei änderbar)
A5: Gehalt / Lohn
A6: Sonstige Einnahmen
A7: Miete / Kredit
A8: Betriebskosten & Energie
A9: Lebensmittel
A10: Drogerie & Haushalt
A11: Mobilität / Auto
A12: Öffis
A13: Versicherungen
... A31: Vorlage von lohnmeister.ai · gratis · Richtwerte ohne Gewähr · gelb = Eingabe, grau/blau = wird berechnet
